 Dungeon Crawl Stone Soup version 0.17-a0-776-gd86b262 (console) character file.

742929 sose the Cryomancer (level 27, -8/156 HPs)
             Began as a Vine Stalker Ice Elementalist on Apr 23, 2015.
             Was a High Priest of Ashenzari.
             Killed from afar by a hellion (17 damage)
             ... with a burst of hellfire
             ... on level 23 of a ziggurat on Apr 24, 2015.
             The game lasted 09:56:33 (90891 turns).

sose the Cryomancer (VSIE)                         Turns: 90891, Time: 09:56:33

Health: -8/156     AC: 19    Str:  9    XL:     27
Magic:  0/50       EV: 25    Int: 27    God:    Ashenzari [*****.]
Gold:   5341       SH: 11    Dex: 14    Spells: 16 memorised, 6 levels left

rFire  + + +     SeeInvis +     H - +7 demon whip (elec) (curse)
rCold  + + .     Clarity  +     t - +2 robe {Archmagi}
rNeg   + . .     SustAb   .     l - +3 buckler {rN+} (curse)
rPois  +         Gourm    .     v - +2 hat {Int+3} (curse)
rElec  +         Spirit   +     C - +2 cloak {MR+} (curse)
rCorr  +         Warding  .     q - +3 pair of gloves of Vanity {rC+} (curse)
rMut   .         Stasis   .     E - +2 pair of boots {run} (curse)
MR     +++++                    y - amulet of resist corrosion (curse)
Stlth  +++++.....               X - ring "Yjikk" {rElec rPois MR+ Dex-5 Slay+3} (curse)
                                W - ring "Cozorrur" {Wiz rPois rF+++ MR+ Str-2} (curse)

@: silence, resistant, shrouded, very slightly contaminated, regenerating,
hasted, deflect missiles, very quick, almost entirely resistant to hostile
enchantments, quite stealthy
A: fangs 3, large bone plates 1, deformed body, mutation resistance 2,
regeneration 3, shaggy fur 1, magic shield, antimagic bite, no device heal 3,
rot immunity
a: Renounce Religion
}: 4/15 runes: decaying, serpentine, slimy, silver


You were on level 23 of a ziggurat.
You worshipped Ashenzari.
Ashenzari was extremely pleased with you.
You were full.

You visited 12 branches of the dungeon, and saw 61 of its levels.
You visited Pandemonium 1 time, and saw 7 of its levels.
You visited the Abyss 1 time.
You visited 1 bazaar.
You visited 2 ziggurats, and saw 31 of their levels (deepest: 23).
You also visited: Labyrinth, Trove, Sewer and Ice Cave.

You collected 9391 gold pieces.
You spent 4050 gold pieces at shops.

Inventory:

Hand weapons
 H - a cursed +7 demon whip of electrocution (weapon)
 R - a +9 quick blade of flaming
Armour
 j - the +2 pair of gloves of Adwy {rElec rN+}
   (You found it on level 21 of a ziggurat)

   It insulates you from electricity.
   It protects you from negative energy.
 l - a cursed +3 buckler of positive energy (worn)
 q - the cursed +3 pair of gloves of Vanity (worn) {rC+}
   (You found it on level 1 of the Crypt)

   It protects you from cold.
   It has a curse placed upon it.
 t - a +2 robe of the Archmagi (worn)
 v - a cursed +2 hat of intelligence (worn)
 B - a +4 troll leather armour
 C - a cursed +2 cloak of magic resistance (worn)
 E - a cursed +2 pair of boots of running (worn)
 S - a +3 buckler of reflection
Magical staves
 I - an uncursed staff of energy
Jewellery
 a - the amulet of the Sky {Spirit rC+ Str+3}
   (You found it on level 11 of a ziggurat)

   [amulet of guardian spirit]

   It causes incoming damage to be split between your health and magic.
   It affects your strength (+3).
   It protects you from cold.
 y - a cursed amulet of resist corrosion (around neck)
 P - the ring of Gunnalab {rN++ Str+3 Slay+3 Stlth-}
   (You found it on level 20 of a ziggurat)

   [ring of loudness]

   It affects your strength (+3).
   It affects your accuracy and damage with ranged weapons and melee attacks
   (+3).
   It greatly protects you from negative energy.
   It makes you less stealthy.
 T - the ring "Ychaaqoz" {Wiz +Inv rF+ rN+ Slay+2}
   (You found it on level 18 of a ziggurat)

   [ring of wizardry]

   It improves your spell success rate.
   It affects your accuracy and damage with ranged weapons and melee attacks
   (+2).
   It protects you from fire.
   It protects you from negative energy.
   It lets you turn invisible.
 W - the cursed ring "Cozorrur" (left hand) {Wiz rPois rF+++ MR+ Str-2}
   (You found it on level 7 of a ziggurat)

   [ring of wizardry]

   It improves your spell success rate.
   It affects your strength (-2).
   It renders you almost immune to fire.
   It protects you from poison.
   It affects your resistance to hostile enchantments.
   It has a curse placed upon it.
 X - the cursed ring "Yjikk" (right hand) {rElec rPois MR+ Dex-5 Slay+3}
   (You took it off a deep elf knight on level 3 of the Elven Halls)

   [ring of protection from magic]

   It affects your dexterity (-5).
   It affects your accuracy and damage with ranged weapons and melee attacks
   (+3).
   It insulates you from electricity.
   It protects you from poison.
   It affects your resistance to hostile enchantments.
   It has a curse placed upon it.
Magical devices
 d - a wand of disintegration (10)
 g - a wand of draining (9)
 i - a wand of lightning (8)
 s - a wand of fireball (6)
 D - a wand of digging (12)
 F - a wand of invisibility (3)
 L - a wand of teleportation (4)
Scrolls
 b - 24 scrolls of identify
 c - 2 scrolls of silence
 o - 13 scrolls of recharging
 u - 34 scrolls of teleportation
 z - 8 scrolls of magic mapping
 A - 4 scrolls of fog
 K - 2 scrolls of enchant armour
 N - 6 scrolls of remove curse
 O - 7 scrolls of blinking
 Q - 2 scrolls of holy word
 V - 4 scrolls of fear
Potions
 e - 5 potions of resistance
 h - 15 potions of restore abilities
 n - 32 potions of curing
 p - 7 potions of might
 r - 4 potions of agility
 w - 12 potions of brilliance
 x - 3 potions of haste
 U - 10 potions of cancellation
 Y - 9 potions of cure mutation
Books
 f - an Akashic Record {highlevel}

   Spells                             Type                      Level
   a - Dispersal                      Translocation                6
   b - Controlled Blink               Translocation                7
   c - Malign Gateway                 Summoning/Translocation      7
   d - Disjunction                    Translocation                8
   e - Singularity                    Translocation                9
 G - a book of Unlife

   Spells                             Type                      Level
   a - Recall                         Summoning/Translocation      3
   b - Animate Dead                   Necromancy                   4
   c - Control Undead                 Necromancy                   4
   d - Cigotuvi's Embrace             Necromancy                   5
   e - Death Channel                  Necromancy                   6
   f - Simulacrum                     Ice/Necromancy               6
Miscellaneous
 Z - a crystal ball of energy
Comestibles
 M - 13 meat rations


   Skills:
 + Level 20.2 Fighting
 - Level 5.0(5.6) Short Blades
   Level 3.8(5.0) Long Blades
 - Level 10.0(13.8) Maces & Flails
 - Level 6.0 Armour
 + Level 17.9(19.9) Dodging
 - Level 11.8(14.2) Stealth
 - Level 4.8(7.4) Shields
 - Level 1.0 Unarmed Combat
 + Level 22.7 Spellcasting
 + Level 22.7(25.6) Conjurations
 - Level 10.0(13.8) Charms
 - Level 2.2(5.3) Summonings
 - Level 4.7(8.6) Necromancy
 - Level 7.0(11.0) Translocations
 + Level 23.2(26.1) Ice Magic
 - Level 6.4(10.4) Air Magic
 - Level 5.8(9.8) Poison Magic


You had 6 spell levels left.
You knew the following spells:

 Your Spells              Type           Power        Failure   Level  Hunger
a - Glaciate              Conj/Ice       ########..   3%          9    ######.
b - Deflect Missiles      Chrm/Air       #######...   1%          6    None
c - Ozocubu's Armour      Chrm/Ice       ########     0%          3    None
d - Throw Icicle          Conj/Ice       ########     0%          4    None
e - Blink                 Tloc           N/A          1%          2    None
f - Shroud of Golubria    Chrm/Tloc      #######...   0%          2    None
g - Phase Shift           Tloc           #######...   1%          5    None
h - Haste                 Chrm           ########     1%          6    None
i - Flight                Chrm/Air       #######...   1%          3    None
k - Apportation           Tloc           #######...   0%          1    None
l - Passage of Golubria   Tloc           N/A          1%          4    None
m - Freezing Cloud        Conj/Ice/Air   ########..   1%          6    None
n - Summon Butterflies    Summ           ######..     1%          1    None
o - Poison Arrow          Conj/Pois      ########..   1%          6    None
p - Control Teleport      Chrm/Tloc      #######...   1%          4    None
r - Regeneration          Chrm/Necr      #######...   1%          3    None


Dungeon Overview and Level Annotations

Branches:
Dungeon (15/15)            Temple (1/1) D:4            Lair (8/8) D:8
  Swamp (5/5) Lair:3        Snake (5/5) Lair:5        Slime (6/6) Lair:8
    Orc (4/4) D:9             Elf (3/3) Orc:4        Vaults (5/5) D:14
  Crypt (3/3) Vaults:2       Tomb (0/3) Crypt:3      Depths (5/5) D:15
    Zot (1/5) Depths:5

Altars:
Ashenzari
Cheibriados
Dithmenos
Elyvilon
Fedhas
Gozag
Kikubaaqudgha
Makhleb
Nemelex Xobeh
Okawaru
Qazlal
Ru
Sif Muna
Trog
Vehumet
Xom
Yredelemnul
Zin
The Shining One
Beogh
Jiyva
Lugonu

Shops:
D:5 (   D:6 *   D:10 *[%   Orc:2 !   Orc:3 (   Orc:4 [***   Vaults:3 ?
Vaults:4 (   Vaults:5 (

Portals:
Hell: Depths:1 Depths:2 Depths:3 Depths:4 Depths:5
Abyss: Depths:4
Pandemonium: Depths:3 Depths:4 Depths:5

Annotations:
D:13 exclusion: obsidian statue
Elf:1 Frances
Depths:3 exclusion: ice statue


Innate Abilities, Weirdness & Mutations

You have razor-sharp teeth.
You regenerate.
You are covered in fur (AC +1).
When hurt, damage is shared between your health and your magic reserves.
Your bite disrupts and absorbs the magic of your enemies.
Potions and wands cannot restore your health.
You are immune to rotting.
You are partially covered in large bone plates (AC +2, SH +2).
Armour fits poorly on your strangely shaped body.
You are somewhat resistant to both further mutation and mutation removal.


Message History

Unknown command.
Unknown command.
Unknown command.
Unknown command.
Unknown command.
Unknown command.
Unknown command.
Unknown command.
Unknown command.
Unknown command.
Unknown command.
Unknown command.
Unknown command.
Your Executioner hits the Shadow Fiend!!
Your Executioner is healed.
The Shadow Fiend's magic leaks into the air.
Your Executioner hits the Shadow Fiend but does no damage. x2
The hellion gestures at you.
The hellfire explodes!
The burst of hellfire engulfs you!
You die...

*▓§6§§., ,,,
*▓§§§§§., ,
▓▓..§4§§§. ,,,,
▓▓(...§§§§.,,
▓▓....2.3§§.,,,
▓▓(.558...§. * ,
▓▓.6.5..12...#* *,
▓.b461131...X#
▓▓@.661.23.1.##
*#,
▓▓.b§1224.{..###..
▓▓§§4{{X..§......
▓▓12{{{{..42..2.
▓▓§{.{...2....X
▓▓{{.......2..
▓▓.......2...
▓▓.4........
▓▓.........


You could see an Ice Fiend, 3 Shadow Fiends, a reaper, a balrug, an Executioner,
an orange demon, a large abomination, a smoke demon, 2 hellions, a tormentor, a
ynoxinul, 3 ufetubi, 3 friendly demonspawn, a friendly Shadow Fiend, a friendly
cacodemon, a friendly monstrous black sun, a friendly Executioner, a friendly
orange demon and a friendly hellwing.

Vanquished Creatures
  Mara (twice) (Depths:1)
  the royal jelly (Slime:6)
  5 ancient liches
  A pandemonium lord (Pan)
  Sojobo (Depths:2)
  Boris (Crypt:3)
  Norris (Snake:3)
  Saint Roka (Vaults:3)
  2 caustic shrikes
  3 golden dragons
  Nikola (Depths:1)
  the Enchantress (Depths:4)
  5 liches
  Jorgrun (Depths:4)
  8 electric golems (Zig:19)
  6 Hell Sentinels
  9 tentacled monstrosities
  An Ice Fiend (Pan)
  9 titans
  44 acid blobs
  8 deep elf blademasters
  6 deep elf master archers
  7 quicksilver dragons
  3 Shadow Fiends (Pan)
  The ghost of karvarausku the Brawler, a mighty DrMo of Nemelex Xobeh (Swamp:2)
  3 sphinxes
  5 Executioners
  7 ancient champions
  3 thorn hunters
  3 octopode crushers
  A sphinx (shapeshifter) (Depths:5)
  A shadow dragon (Depths:5)
  Kirke (Elf:1)
  17 tengu reavers
  3 draconian monks
  9 storm dragons
  3 revenants
  11 greater nagas
  Donald (Swamp:2)
  7 fire giants
  13 vault wardens
  Maud (Lair:6)
  4 balrugs
  21 azure jellies
  4 draconian knights
  2 cacodemons
  10 frost giants
  15 orc warlords
  6 deep elf sorcerers
  2 iron dragons
  3 draconian scorchers
  5 draconian zealots
  Aizul (Vaults:1)
  Louise (Elf:3)
  An emperor scorpion (shapeshifter) (Vaults:5)
  4 curse skulls
  A caustic shrike zombie (Zig:11)
  3 draconian shifters
  9 reapers
  5 ghouls
  6 warmongers
  15 ironheart preservers
  An angel (Pan)
  3 spriggan defenders (Depths:4)
  12 very ugly things
  4 vampire knights
  8 draconian annihilators
  2 corrupters
  A draconian caller (Zig:13)
  2 salamander firebrands (Depths:5)
  5 chaos champions
  4 war gargoyles
  32 stone giants
  12 deep elf demonologists
  A starcursed mass (Abyss:1)
  2 blood saints
  5 red draconians
  6 green draconians
  8 yellow draconians
  2 purple draconians
  Azrael (D:14)
  2 black draconians (Zig:13)
  2 bennus (Zig:3)
  2 lorocyprocas
  A mottled draconian (Zig:12)
  25 deep elf annihilators
  A dire elephant (Depths:5)
  2 white draconians
  3 black suns
  8 ettins
  5 eidola
  4 green deaths
  11 deep elf death magi
  3 blizzard demons
  A merfolk javelineer (Depths:2)
  40 vault guards
  12 fire dragons
  18 great orbs of eyes
  3 hell beasts
  2 merfolk impalers (Zig:10)
  26 death oozes
  16 yaktaur captains
  6 jiangshi
  29 hydras
  A minotaur (Lab)
  9 deep elf high priests
  11 rakshasas
  2 ghost crabs
  10 spriggan air magi
  7 ice dragons
  A quicksilver dragon skeleton (Crypt:3)
  2 catoblepae
  17 naga warriors
  A hydra (shapeshifter) (Vaults:5)
  6 monstrous demonspawn
  5 entropy weavers
  10 alligators
  23 anacondas
  12 centaur warriors
  An alligator snapping turtle (Zig:10)
  4 merfolk aquamancers
  18 dancing weapons
  10 death yaks
  6 deep troll shamans
  A tengu warrior (Depths:1)
  6 deep troll earth magi
  11 orc high priests
  3 salamander stormcallers
  17 ogre magi
  2 titan zombies
  A thrashing horror (Abyss:1)
  6 spriggan berserkers
  6 vampire magi
  20 shock serpents
  14 naga sharpshooters
  A fire crab (shapeshifter) (Elf:2)
  A storm dragon zombie (Zig:11)
  37 deep elf knights
  Nergalle (Lair:3)
  13 spriggans
  5 sun demons
  4 hell knights
  A wretched star (Abyss:1)
  2 fire crabs
  5 shadow wraiths
  11 salamander mystics
  A sea snake (Zig:10)
  2 golden dragon zombies
  8 flayed ghosts
  22 skeletal warriors
  4 infernal demonspawn (Pan)
  21 deep trolls
  6 iron trolls
  6 unseen horrors
  5 ice devils
  3 gelid demonspawn (Pan)
  16 spriggan druids
  10 swamp dragons
  3 shambling mangroves
  6 lindwurms
  3 shadow dragon zombies
  12 ironbrand convokers
  6 naga ritualists
  24 deep elf summoners
  2 giant orange brains
  An unseen horror (shapeshifter) (Vaults:3)
  9 necromancers
  9 cyclopes
  9 torturous demonspawn (Pan)
  A wolf spider zombie (D:12)
  5 putrid demonspawn (Pan)
  13 hill giants
  An anubis guard (Zig:3)
  An orb spider (shapeshifter) (Elf:2)
  23 orc sorcerers
  18 phantasmal warriors
  9 wizards
  15 orc knights
  A spectral ice dragon (Zig:8)
  A sphinx zombie (Zig:9)
  24 deep elf conjurers
  4 wolf spiders
  2 shining eyes (shapeshifter) (Vaults:5)
  2 tengu skeletons
  A stone giant zombie (Crypt:1)
  A moth of wrath (shapeshifter) (Vaults:3)
  The ghost of Badjas the Insei, an experienced OpCK of Xom (D:6)
  5 griffons
  3 oklob plants (Zig:11)
  20 shining eyes
  A fire giant zombie (Crypt:3)
  2 manticores (shapeshifter)
  A water nymph (Zig:10)
  A worldbinder (Abyss:1)
  2 human skeletons (Vaults:1)
  2 iron dragon skeletons (Crypt:3)
  11 salamanders
  17 mana vipers
  3 hornets
  46 ugly things
  A frost giant skeleton (Zig:9)
  8 manticores
  6 fire giant skeletons (Crypt:3)
  2 stone giant skeletons (Crypt:3)
  11 guardian serpents
  4 sixfirhies
  18 elephants
  41 naga magi
  17 smoke demons
  8 moths of wrath
  15 vault sentinels
  45 spiny frogs
  An octopode (shapeshifter) (Zig:22)
  45 black mambas
  9 orange demons
  A death yak zombie (Crypt:1)
  A spiny frog (shapeshifter) (Vaults:4)
  A dire elephant skeleton (Abyss:1)
  5 eyes of devastation
  A human zombie (Vaults:3)
  3 centaur skeletons
  2 eyes of devastation (shapeshifter)
  4 gargoyles (Crypt:3)
  9 rust devils
  2 tengu conjurers
  65 yaktaurs
  18 deep elf priests
  10 komodo dragons
  3 kobold demonologists
  5 hellions
  An elf (shapeshifter) (D:14)
  4 guardian mummies
  A spriggan skeleton (Depths:3)
  A fire drake (shapeshifter) (Vaults:2)
  4 tormentors
  A yaktaur skeleton (Vaults:1)
  5 red devils
  A komodo dragon (shapeshifter) (Depths:2)
  6 blue devils
  A demonic crawler (Zig:22)
  7 merfolk (Zig:10)
  A yaktaur (shapeshifter) (Depths:3)
  12 freezing wraiths
  A death drake zombie (Crypt:1)
  4 fire drakes
  21 polar bears
  19 giant leeches
  A troll (shapeshifter) (Vaults:4)
  22 trolls
  A harpy skeleton (D:15)
  7 jumping spiders
  9 baby alligators
  Prince Ribbit (Lair:1)
  A raiju (shapeshifter) (Zig:22)
  A shadow dragon simulacrum (Crypt:3)
  8 hellwings
  A raven (shapeshifter) (Depths:5)
  An ushabti (Crypt:3)
  A baby alligator (shapeshifter) (Depths:5)
  6 raiju
  7 bog bodies
  22 two-headed ogres
  A wolf spider simulacrum (D:15)
  105 slime creatures
  6 ravens
  5 boulder beetles
  4 fire elementals
  12 flying skulls
  31 blink frogs
  14 shadows
  13 redbacks
  7 large abominations
  2 small abominations
  A tarantella (shapeshifter) (Depths:4)
  6 ynoxinuls
  52 deep elf fighters
  11 fire dragon skeletons (Crypt:3)
  6 wraiths
  5 vampires
  5 air elementals
  A hog (Elf:1)
  35 deep elf magi
  6 water elementals
  4 wyverns
  5 hungry ghosts
  A steam dragon (D:14)
  A black mamba skeleton (Crypt:3)
  3 chaos spawn
  4 tarantellas
  50 vampire mosquitoes
  27 wolves
  2 basilisks
  8 neqoxecs
  5 mottled dragons
  11 wargs
  15 golden eyes
  2 elf skeletons
  A golden eye (shapeshifter) (Depths:4)
  A redback simulacrum (Vaults:1)
  65 yaks
  23 swamp worms
  10 hippogriffs
  55 nagas
  13 insubstantial wisps
  A hell hound (Abyss:1)
  59 orc warriors
  9 wasps
  39 water moccasins
  A torturous demonspawn skeleton (Crypt:2)
  9 porcupines
  2 black bears (shapeshifter)
  15 necrophages
  18 eyes of draining
  8 ice beasts
  4 black bears
  13 swamp drakes
  A porcupine (shapeshifter) (Vaults:5)
  3 sky beasts
  23 centaurs
  A phantom (D:7)
  55 ogres
  5 lost souls
  10 boggarts
  3 boring beetles
  A boggart (shapeshifter) (Depths:4)
  8 big kobolds
  14 crocodiles
  3 brain worms
  A fire drake skeleton (Crypt:2)
  37 giant frogs
  2 human simulacra
  A glowing shapeshifter simulacrum (Depths:1)
  2 tengu simulacra
  A gnoll sergeant (Zig:21)
  A wyvern skeleton (D:7)
  A draconian skeleton (Crypt:2)
  A water moccasin zombie (D:6)
  2 scorpions
  A boulder beetle zombie (Crypt:1)
  A raiju zombie (Crypt:2)
  13 wights
  5 electric eels
  A troll zombie (Crypt:3)
  20 killer bees
  A yak skeleton (Crypt:2)
  3 centaur zombies
  28 orc priests
  9 crimson imps
  5 hounds
  53 jellies
  2 iron imps
  2 quasits
  A giant frog skeleton (D:13)
  30 orc wizards
  10 hell rats
  Terence (D:2)
  11 iguanas
  A merfolk avatar (Sewer)
  A lightning spire (Zig:6)
  A siren (Sewer)
  10 worker ants
  A sheep (Lair:6)
  A naga zombie (Crypt:2)
  A mottled dragon zombie (Crypt:2)
  3 hound zombies
  An ogre skeleton (Crypt:3)
  2 hound skeletons
  12 mummies
  A spectral halfling (Crypt:3)
  2 worker ant zombies
  5 gnolls
  98 river rats
  17 adders
  2 shadow imps
  A white imp (Depths:4)
  18 ufetubi
  2 giant eyeballs (Depths:5)
  3 oozes (D:3)
  3 adder skeletons
  A halfling zombie (Crypt:1)
  2 worms
  259 orcs
  3 ball pythons
  A bat zombie (D:6)
  6 giant cockroaches
  41 goblins
  26 hobgoblins
  33 kobolds
  5 quokkas
  10 bats
  5 giant geckos
  A giant gecko skeleton (D:5)
  9 giant newts
  A giant newt skeleton (Crypt:1)
  A giant spore (D:5)
  6 jackals
  A quokka zombie (D:9)
  35 rats
  A block of ice (Crypt:3)
  A briar patch (Swamp:4)
  A bush (Elf:2)
  5 butterflies
  5 crawling corpses (Zig:22)
  2 fungi (Elf:2)
  6 plants
3795 creatures vanquished.

Vanquished Creatures (collateral kills)
  A frost giant (IceCv)
  A black sun (Zig:23)
  Snorg (Orc:1)
  An alligator (Swamp:5)
  A death yak (Lair:6)
  2 orc high priests (Orc:4)
  A sixfirhy (Zig:23)
  An elephant (Lair:7)
  A hellwing (Zig:23)
  A red devil (Orc:4)
  2 polar bears (IceCv)
  A troll (Orc:2)
  A ynoxinul (Orc:4)
  A golden eye (Slime:6)
  A steam dragon (D:11)
  A wolf (IceCv)
  A warg (Orc:1)
  A water moccasin (Lair:6)
  8 orc warriors
  5 orc priests
  3 orc wizards
  An ufetubus (Orc:4)
  18 orcs
  A giant gecko (D:11)
56 creatures vanquished.

Vanquished Creatures (others)
  A warmonger (Zig:23)
  A reaper (Zig:23)
  A chaos champion (Zig:23)
  A black sun (Zig:23)
  A soul eater (Zig:23)
  A large abomination (D:13)
  2 gelid demonspawn (Zig:23)
  A smoke demon (Zig:23)
  An orange demon (Zig:23)
  A hellwing (Zig:23)
  3 giant leeches
  2 deep elf magi
  A flying skull (Depths:1)
  59 ice beasts
  A human (Elf:1)
  5 lost souls
  A hell rat (Zig:22)
  5 drowned souls (Sewer)
  A shadow imp (D:13)
  4 white imps (D:13)
  An orc (Zig:21)
  A kobold (D:12)
  251 blocks of ice
  4 briar patches
  2 bushes (Lair:8)
  8 butterflies
  A crawling corpse (Zig:22)
  6 fungi
  20 plants
387 creatures vanquished.

Grand Total: 4238 creatures vanquished

Notes
Turn   | Place    | Note
--------------------------------------------------------------
     0 | D:1      | sose, the Vine Stalker Ice Elementalist, began the quest for the Orb.
     0 | D:1      | Reached XP level 1. HP: 9/9 MP: 4/4
    79 | D:1      | Reached XP level 2. HP: 13/13 MP: 0/6
   345 | D:1      | Reached XP level 3. HP: 16/16 MP: 7/7
   421 | D:1      | Reached skill level 4 in Ice Magic
   444 | D:1      | Learned a level 2 spell: Throw Frost
   448 | D:1      | Learned a level 3 spell: Ozocubu's Armour
   998 | D:2      | Found a blossoming altar of Fedhas.
  1336 | D:2      | Reached XP level 4. HP: 21/21 MP: 7/9
  1409 | D:2      | Noticed Terence
  1414 | D:2      | Killed Terence
  1414 | D:2      | Reached skill level 1 in Short Blades
  1839 | D:3      | Found a stormy altar of Qazlal.
  1930 | D:3      | Reached XP level 5. HP: 24/24 MP: 1/10
  2714 | D:4      | Found a glowing drain.
  2736 | Sewer    | Entered a sewer
  2846 | Sewer    | Learned a level 4 spell: Throw Icicle
  2878 | Sewer    | Gained mutation: You heal very quickly. [Vine Stalker growth]
  2878 | Sewer    | Reached XP level 6. HP: 28/28 MP: 10/12
  3008 | Sewer    | Reached skill level 5 in Ice Magic
  3124 | Sewer    | Noticed a drowned soul
  3125 | Sewer    | Noticed a drowned soul
  3125 | Sewer    | Noticed a drowned soul
  3126 | Sewer    | Noticed a drowned soul
  3127 | Sewer    | Killed a drowned soul
  3128 | Sewer    | Noticed a drowned soul
  3129 | Sewer    | Killed a drowned soul
  3129 | Sewer    | Killed a drowned soul
  3131 | Sewer    | Killed a drowned soul
  3131 | Sewer    | Killed a drowned soul
  3367 | D:4      | Found an opulent altar of Gozag.
  3514 | D:4      | Found a shadowy altar of Dithmenos.
  3525 | D:4      | Found a staircase to the Ecumenical Temple.
  3543 | Temple   | Entered the Ecumenical Temple
  3709 | D:4      | Reached XP level 7. HP: 22/32 MP: 5/14
  3909 | D:4      | Found a sacrificial altar of Ru.
  4115 | D:5      | Entered Level 5 of the Dungeon
  4234 | D:5      | Found Daowupn's Antique Weapon Boutique.
  4703 | D:5      | Reached skill level 1 in Shields
  4991 | D:6      | Found Loycar's General Store.
  4993 | D:6      | Noticed Badjas's ghost (experienced OpCK)
  4993 | D:6      | Found a staircase to the Ecumenical Temple.
  5033 | D:6      | Killed Badjas's ghost
  5033 | D:6      | Gained mutation: You have razor-sharp teeth. [Vine Stalker growth]
  5033 | D:6      | Reached XP level 8. HP: 19/36 MP: 6/15
  5132 | D:6      | Bought a scroll of remove curse for 33 gold pieces
  5550 | D:6      | Found a sacrificial altar of Ru.
  6146 | D:7      | Reached skill level 6 in Ice Magic
  6146 | D:7      | Reached XP level 9. HP: 27/39 MP: 10/17
  6182 | D:7      | Reached skill level 5 in Short Blades
  6274 | D:7      | Found a snail-covered altar of Cheibriados.
  6382 | D:7      | Found a glowing golden altar of the Shining One.
  6563 | D:7      | Reached skill level 5 in Spellcasting
  6640 | D:7      | Found a deep blue altar of Sif Muna.
  7582 | D:8      | Reached skill level 7 in Ice Magic
  7721 | D:8      | Found a staircase to the Lair.
  7722 | D:8      | Noticed a komodo dragon
  7773 | D:8      | Killed a komodo dragon
  7773 | D:8      | Reached skill level 1 in Charms
  8028 | D:8      | Reached skill level 1 in Fighting
  8065 | D:8      | Reached XP level 10. HP: 43/45 MP: 20/20
  8505 | D:8      | Found a shattered altar of Ashenzari.
  8533 | D:8      | Became a worshipper of Ashenzari the Shackled
  8618 | Lair:1   | Entered Level 1 of the Lair of Beasts
  8626 | Lair:1   | Learned a level 2 spell: Blink
  8749 | Lair:1   | Reached skill level 5 in Conjurations
  8749 | Lair:1   | Reached skill level 1 in Translocations
  8823 | Lair:1   | Learned a level 2 spell: Shroud of Golubria
  9130 | Lair:1   | Noticed Prince Ribbit
  9188 | Lair:1   | Killed Prince Ribbit
  9803 | D:8      | Reached XP level 11. HP: 53/53 MP: 21/21
 10948 | Lair:2   | Reached skill level 5 in Dodging
 11028 | Lair:2   | Reached skill level 5 in Stealth
 11206 | Lair:2   | Identified the +8 hunting sling "Qagesk" {velocity, rF+ Dex+4 SInv}
 11211 | Lair:2   | Acquired Ashenzari's first power
 11377 | Lair:2   | Identified the +0 cloak of the Trees {Stlth+}
 11785 | Lair:3   | Found a staircase to the Swamp.
 11824 | Lair:3   | Reached skill level 5 in Fighting
 12084 | D:9      | Found a staircase to the Lair.
 12194 | D:9      | Found an ancient bone altar of Kikubaaqudgha.
 12197 | D:9      | Found a white marble altar of Elyvilon.
 12318 | D:9      | Found a shimmering altar of Xom.
 12318 | D:9      | Found a shimmering altar of Xom.
 12330 | D:9      | Found a shimmering altar of Xom.
 12522 | D:9      | Found a radiant altar of Vehumet.
 12712 | D:9      | Found a staircase to the Orcish Mines.
 12777 | D:9      | Found a bloodstained altar of Trog.
 12783 | D:9      | Gained mutation: You are somewhat resistant to further mutation. [potion of beneficial mutation]
 12798 | D:10     | Entered Level 10 of the Dungeon
 12798 | D:10     | Found Umaykyigg's Assorted Antiques.
 12838 | D:10     | Bought a pair of brightly glowing boots for 237 gold pieces
 12838 | D:10     | Identified the +1 pair of boots "Ponil" {rF+ MR- Str+2} (You bought it in a shop on level 10 of the Dungeon)
 12875 | D:10     | Acquired Ashenzari's second power
 12885 | D:10     | Killed an unseen horror
 12905 | D:10     | Found Weaceuli's Antique Armour Shoppe.
 12970 | D:10     | Bought a pair of embroidered gloves for 117 gold pieces
 12970 | D:10     | Bought an embroidered cloak for 117 gold pieces
 13014 | D:10     | Bought a scroll of remove curse for 75 gold pieces
 13252 | D:10     | Reached skill level 8 in Ice Magic
 13278 | D:10     | Gained mutation: You regenerate. [Vine Stalker growth]
 13278 | D:10     | Reached XP level 12. HP: 53/60 MP: 22/22
 13292 | D:10     | Found Eseal's Food Boutique.
 13628 | D:10     | Found a deep blue altar of Sif Muna.
 13644 | D:10     | Noticed a hill giant
 13662 | D:10     | Killed a hill giant
 13794 | D:10     | Bought a scroll of remove curse for 75 gold pieces
 14437 | D:11     | Identified a scroll of acquirement
 14442 | D:11     | Learned a level 2 spell: Repel Missiles
 14445 | D:11     | Learned a level 2 spell: Swiftness
 14449 | D:11     | Learned a level 3 spell: Flight
 14454 | D:11     | Learned a level 4 spell: Summon Ice Beast
 14458 | D:11     | Acquired Ashenzari's third power
 14844 | D:11     | Reached skill level 1 in Summonings
 15541 | Lair:3   | Reached skill level 1 in Air Magic
 16366 | Lair:3   | Learned a level 1 spell: Apportation
 16435 | Lair:3   | Noticed Nergalle
 16447 | Lair:3   | Noticed a spectral orc warlord
 16451 | Lair:3   | Killed Nergalle
 16870 | Lair:4   | Acquired Ashenzari's fourth power
 16893 | Lair:4   | Reached XP level 13. HP: 67/67 MP: 25/25
 18132 | Lair:5   | Found a staircase to the Snake Pit.
 18345 | Lair:5   | Identified the cursed +0 short sword "Nohouha" {speed, MR- Str-3 Int+11}
 19111 | Lair:6   | Found a frozen archway.
 19142 | Lair:6   | Reached skill level 9 in Ice Magic
 19283 | IceCv    | Entered an ice cave
 19551 | IceCv    | Noticed a frost giant
 19807 | IceCv    | Killed a frost giant
 20440 | Lair:6   | Noticed Maud
 21010 | Lair:6   | Reached XP level 14. HP: 74/74 MP: 18/28
 21262 | Lair:6   | Killed Maud
 22244 | Lair:7   | Identified the ring of Diehue {rF+ Str+5}
 22258 | Lair:7   | Learned a level 3 spell: Mephitic Cloud
 23250 | Lair:1   | Learned a level 4 spell: Passage of Golubria
 23294 | Orc:1    | Entered Level 1 of the Orcish Mines
 23591 | D:10     | Bought a runed rapier for 100 gold pieces
 23691 | Orc:2    | Found Qifag's Jewellery Shoppe.
 24046 | Orc:2    | Found Qaalo's Distillery.
 24077 | Orc:2    | Bought a potion of beneficial mutation for 385 gold pieces
 24077 | Orc:2    | Gained mutation: You are somewhat resistant to both further mutation and mutation removal. [potion of beneficial mutation]
 24306 | Orc:3    | Found Wobopsiv's Antique Weapon Shop.
 24489 | Orc:3    | Bought an iridescent dagger for 203 gold pieces
 24489 | Orc:3    | Identified the +6 dagger of Grandeur {freeze, rPois Dex+4} (You bought it in a shop on level 3 of the Orcish Mines)
 24719 | Orc:1    | Noticed Snorg
 24740 | Orc:1    | Killed Snorg
 24918 | Orc:3    | Noticed an orc warlord
 25322 | Orc:2    | Killed an orc warlord
 25583 | Orc:3    | Noticed a stone giant
 25593 | Orc:3    | Killed a stone giant
 25748 | Orc:4    | Entered Level 4 of the Orcish Mines
 25749 | Orc:4    | Found a bloodstained altar of Trog.
 25831 | Orc:4    | Found a staircase to the Elven Halls.
 25895 | Orc:4    | Found an ancient bone altar of Kikubaaqudgha.
 26256 | Orc:3    | Reached skill level 10 in Spellcasting
 26338 | Orc:4    | Reached skill level 10 in Ice Magic
 26734 | Orc:4    | Found Supeiq's Assorted Antiques.
 27758 | Orc:4    | Found Fex Urre's Antique Armour Emporium.
 27763 | Orc:4    | Found Duqainy's Assorted Antiques.
 27763 | Orc:4    | Found Jepa's Assorted Antiques.
 27772 | Orc:4    | Bought a scroll of enchant weapon for 255 gold pieces
 27772 | Orc:4    | Bought a scroll of remove curse for 102 gold pieces
 27774 | Orc:4    | Bought a runed cloak for 126 gold pieces
 27774 | Orc:4    | Bought an embroidered cloak for 126 gold pieces
 27774 | Orc:4    | Bought a glowing dagger for 56 gold pieces
 28947 | D:12     | Reached skill level 1 in Unarmed Combat
 29652 | D:12     | Found a portal to a secret trove of treasure.
 29698 | D:13     | Identified the +5 plate armour of Wuemon {rF+}
 30011 | D:13     | Reached XP level 15. HP: 76/80 MP: 30/30
 30565 | D:14     | Reached skill level 10 in Fighting
 30681 | D:14     | Reached skill level 5 in Charms
 30720 | D:14     | Found a gate to the Vaults.
 31114 | D:14     | Noticed Azrael
 31153 | D:13     | Upgraded the game from 0.17-a0-764-gd40c196 to 0.17-a0-776-gd86b262
 31384 | D:14     | Killed Azrael
 31384 | D:14     | Reached skill level 10 in Dodging
 31960 | D:14     | Reached skill level 11 in Spellcasting
 32053 | D:15     | Entered Level 15 of the Dungeon
 32459 | D:15     | Found a staircase to the Depths.
 33612 | Lair:8   | Entered Level 8 of the Lair of Beasts
 33716 | Lair:8   | Reached skill level 10 in Conjurations
 33885 | Lair:8   | Found a labyrinth entrance.
 33895 | Lab      | Entered a labyrinth
 34066 | Lab      | Identified the cursed +2 shortbow "Toipish" {velocity, rC+} (You took it off a minotaur in a labyrinth)
 34081 | Lab      | Identified the Collected Works on the Shifting Glacier
 34081 | Lab      | Identified the ring of Naurchuill {MR- Str+3 Int+2 Dex+5}
 34104 | Lair:8   | Found a staircase to the Slime Pits.
 34219 | Lair:8   | Reached XP level 16. HP: 86/86 MP: 32/32
 35075 | Lair:8   | Learned a level 6 spell: Freezing Cloud
 35614 | Lair:8   | Identified Morosu's Primer on Witchery
 36426 | Snake:1  | Entered Level 1 of the Snake Pit
 36433 | Snake:1  | Learned a level 1 spell: Summon Butterflies
 36676 | Snake:1  | Reached skill level 12 in Spellcasting
 36959 | Snake:1  | Found a stormy altar of Qazlal.
 37642 | Snake:2  | Reached skill level 10 in Stealth
 38892 | Snake:3  | Reached XP level 17. HP: 79/93 MP: 21/34
 38936 | Snake:3  | Reached skill level 5 in Air Magic
 39371 | Snake:3  | Noticed Norris
 39374 | Snake:3  | Paralysed by Norris for 4 turns
 39398 | Snake:3  | Killed Norris
 39745 | Snake:4  | Reached skill level 13 in Spellcasting
 41247 | Swamp:1  | Entered Level 1 of the Swamp
 42085 | Swamp:2  | Noticed karvarausku's ghost (mighty DrMo)
 42326 | Swamp:2  | Killed karvarausku's ghost
 42474 | Swamp:2  | Noticed Donald
 42492 | Swamp:2  | Killed Donald
 42729 | Swamp:2  | Reached skill level 1 in Long Blades
 43298 | Swamp:3  | Reached XP level 18. HP: 98/98 MP: 32/36
 43353 | Swamp:3  | Reduced skill Short Blades to level 5
 43452 | Swamp:3  | Reached skill level 5 in Long Blades
 44272 | Snake:5  | Entered Level 5 of the Snake Pit
 44719 | Snake:5  | Found a deep blue altar of Sif Muna.
 46088 | Snake:5  | Reached XP level 19. HP: 103/103 MP: 34/37
 46128 | Snake:5  | Got a serpentine rune of Zot
 46820 | Swamp:4  | Reached skill level 14 in Spellcasting
 47822 | Swamp:5  | Entered Level 5 of the Swamp
 48931 | Swamp:5  | Got a decaying rune of Zot
 49159 | Lair:1   | Learned a level 6 spell: Poison Arrow
 49291 | Vaults:1 | Entered Level 1 of the Vaults
 49320 | Vaults:1 | Reached skill level 1 in Poison Magic
 50045 | Vaults:1 | Reached XP level 20. HP: 90/109 MP: 39/39
 50447 | Vaults:1 | Noticed Aizul
 50477 | Vaults:1 | Killed Aizul
 50863 | Vaults:1 | Reached skill level 15 in Spellcasting
 51279 | Vaults:2 | Found a staircase to the Crypt.
 52127 | Vaults:2 | Reached skill level 5 in Poison Magic
 52808 | Vaults:3 | Identified the cursed +1 chain mail of the Journeyman {Int+5 Dex-5 Slay+6}
 53431 | Vaults:3 | Reached XP level 21. HP: 116/116 MP: 32/41
 53471 | Vaults:3 | Noticed Saint Roka
 53477 | Vaults:3 | Killed Saint Roka
 53743 | Vaults:3 | Found Meigilea's Magic Scroll Shop.
 53766 | Vaults:3 | Bought a scroll of identify for 34 gold pieces
 53766 | Vaults:3 | Bought a scroll of remove curse for 51 gold pieces
 53766 | Vaults:3 | Bought a scroll of identify for 34 gold pieces
 53766 | Vaults:3 | Bought a scroll of remove curse for 51 gold pieces
 53766 | Vaults:3 | Bought a scroll of teleportation for 51 gold pieces
 53766 | Vaults:3 | Bought a scroll of enchant armour for 127 gold pieces
 53766 | Vaults:3 | Bought a scroll of remove curse for 51 gold pieces
 53816 | Vaults:3 | Cast into the Abyss (skeletal warrior)
 54283 | Abyss:1  | Found a corrupted altar of Lugonu.
 54411 | Vaults:3 | Escaped the Abyss
 54414 | Vaults:3 | Identified the ring of Taprez {+/*Tele rN+ Str+7} (You took it off an orc on level 3 of the Vaults)
 54919 | Vaults:4 | Learned a level 4 spell: Control Teleport
 55430 | Vaults:4 | Reached skill level 16 in Spellcasting
 56059 | Vaults:4 | Found Mavo Siaz's Antique Weapon Shoppe.
 56127 | Vaults:5 | Entered Level 5 of the Vaults
 56626 | Depths:1 | Entered Level 1 of the Depths
 56839 | Depths:1 | Found a sacrificial altar of Ru.
 56912 | Depths:1 | Noticed Mara
 57004 | Depths:1 | Killed Mara
 57020 | Depths:1 | Killed Mara
 57020 | Depths:1 | Reached skill level 15 in Fighting
 57020 | Depths:1 | Reached XP level 22. HP: 82/122 MP: 4/43
 57450 | Depths:1 | Found a runed door.
 57605 | Depths:1 | Found a roughly hewn altar of Beogh.
 57682 | Depths:1 | Noticed Nikola
 57696 | Depths:1 | Killed Nikola
 57774 | Depths:1 | Found a gateway to Hell.
 58043 | Depths:1 | Reached skill level 15 in Ice Magic
 58383 | Depths:2 | Found a gateway to a ziggurat.
 59733 | Depths:2 | Found a runed door.
 59766 | Depths:2 | Found a runed door.
 60197 | Depths:2 | Noticed Sojobo
 60281 | Depths:2 | Reached skill level 17 in Spellcasting
 60507 | Depths:3 | Reached XP level 23. HP: 127/127 MP: 45/45
 60540 | Depths:3 | Identified a +0 rod of destruction (14/14)
 60809 | Depths:3 | Reached skill level 15 in Conjurations
 61243 | Depths:3 | Found a one-way gate leading to the halls of Pandemonium.
 61447 | Depths:4 | Noticed Jorgrun
 61464 | Depths:4 | Killed Jorgrun
 61560 | Depths:4 | Noticed the Enchantress
 61611 | Depths:4 | Killed the Enchantress
 61654 | Depths:4 | Found a flickering gateway to a bazaar.
 61666 | Bazaar   | Entered a bazaar
 61680 | Bazaar   | Found Lesunewi's Antique Weapon Shoppe.
 61693 | Bazaar   | Found Ulin's Antique Weapon Emporium.
 61706 | Bazaar   | Found Kunnibej's Book Emporium.
 61719 | Bazaar   | Found Royggokk's Food Shoppe.
 61846 | Bazaar   | Bought a book of Enchantments for 650 gold pieces
 61846 | Bazaar   | Bought a book of Battle for 520 gold pieces
 61850 | Bazaar   | Learned a level 3 spell: Regeneration
 61865 | Bazaar   | Bought a twisted dagger for 147 gold pieces
 61865 | Bazaar   | Identified the +11 dagger of Faph {pain, rPois rC+ Int+4} (You bought it in a shop in a bazaar)
 61967 | Bazaar   | Bought a meat ration for 40 gold pieces
 61967 | Bazaar   | Bought a bread ration for 40 gold pieces
 61967 | Bazaar   | Bought a bread ration for 40 gold pieces
 61967 | Bazaar   | Bought a royal jelly for 16 gold pieces
 61967 | Bazaar   | Bought a bread ration for 40 gold pieces
 61967 | Bazaar   | Bought a meat ration for 40 gold pieces
 61967 | Bazaar   | Bought a royal jelly for 16 gold pieces
 61967 | Bazaar   | Bought a meat ration for 40 gold pieces
 62456 | Depths:4 | Found a corrupted altar of Lugonu.
 62457 | Depths:4 | Found a one-way gate to the infinite horrors of the Abyss.
 63261 | Lair:1   | Learned a level 6 spell: Haste
 63644 | Vaults:4 | Reached skill level 1 in Armour
 64057 | Vaults:5 | Noticed an ancient lich
 64327 | Vaults:5 | Got a silver rune of Zot
 64479 | Vaults:5 | Reached XP level 24. HP: 134/134 MP: 26/45
 64685 | Vaults:5 | Found Neulev's Weapon Shop.
 64727 | Vaults:5 | Noticed a golden dragon
 64744 | Vaults:5 | Killed a golden dragon
 65001 | Vaults:5 | Killed an ancient lich
 65134 | Vaults:5 | Noticed an ancient lich
 65167 | Vaults:5 | Killed an ancient lich
 65260 | Vaults:5 | Reached skill level 5 in Armour
 65374 | Vaults:5 | Reached skill level 18 in Spellcasting
 65884 | Lair:1   | Learned a level 6 spell: Deflect Missiles
 65981 | Elf:1    | Entered Level 1 of the Elven Halls
 66216 | Elf:1    | Reached skill level 1 in Necromancy
 66246 | Elf:1    | Noticed Kirke
 66247 | Elf:1    | Reached skill level 10 in Charms
 66270 | Elf:1    | Killed Kirke
 66291 | Elf:1    | Identified the Collected Works on the Entourage (You found it on level 1 of the Elven Halls)
 66541 | Elf:1    | Noticed Frances
 67135 | Elf:2    | Identified the +4 chain mail of the Pink Corner {rF+ rN+ Str+6 Int-2}
 67429 | Elf:2    | Found a huge runed gate.
 67429 | Elf:2    | Found a huge runed gate.
 67430 | Elf:2    | Found a huge runed gate.
 67430 | Elf:2    | Found a huge runed gate.
 67431 | Elf:2    | Found a huge runed gate.
 67557 | Elf:2    | Reached skill level 15 in Dodging
 67804 | Elf:2    | Identified the +3 faerie dragon armour {rElec rPois Str+3 Stlth-} (You took it off the Enchantress on level 4 of the Depths)
 67932 | Elf:2    | Reached XP level 25. HP: 135/140 MP: 42/46
 68702 | Elf:3    | Entered Level 3 of the Elven Halls
 68869 | Elf:3    | Found a shimmering altar of Xom.
 68878 | Elf:3    | Noticed Louise
 68904 | Elf:3    | Killed Louise
 69387 | Elf:3    | Identified the +1 ring mail "Inucw" {Int+7}
 69546 | Elf:3    | Identified the ring "Yjikk" {rElec rPois MR+ Dex-5 Slay+3} (You took it off a deep elf knight on level 3 of the Elven Halls)
 69648 | Elf:3    | Identified the Papyrus of the Shifting Blaze
 69661 | Elf:3    | Identified a cursed +0 pair of boots of running (You acquired it on level 3 of the Elven Halls)
 69707 | Elf:3    | Got the cursed falchion "Elumeph" {slice, rF+ rN+}
 69708 | Elf:3    | Identified the cursed +2 falchion "Elumeph" {slice, rF+ rN+} (You found it on level 3 of the Elven Halls)
 70601 | Zig:1    | Entered Level 1 of a ziggurat
 70650 | Zig:2    | Entered Level 2 of a ziggurat
 70790 | Zig:3    | Entered Level 3 of a ziggurat
 70804 | Zig:3    | Reached skill level 5 in Short Blades
 71083 | Zig:4    | Entered Level 4 of a ziggurat
 71237 | Zig:5    | Entered Level 5 of a ziggurat
 71242 | Zig:5    | Identified the ring "Neipp" {-Tele rElec rF+ Int+5 Stlth-}
 71323 | Zig:5    | Identified the Compendium of Displacement
 71410 | Zig:6    | Entered Level 6 of a ziggurat
 71575 | Zig:7    | Entered Level 7 of a ziggurat
 71582 | Zig:7    | Identified the ring "Cozorrur" {Wiz rPois rF+++ MR+ Str-2}
 71739 | Zig:8    | Entered Level 8 of a ziggurat
 71747 | Zig:8    | Noticed Esmah the pandemonium lord
 71904 | Depths:2 | Killed Sojobo
 72055 | Depths:5 | Entered Level 5 of the Depths
 72642 | Depths:5 | Reached XP level 26. HP: 146/146 MP: 46/46
 72670 | Depths:5 | Paralysed by a giant eyeball for 3 turns
 73116 | Depths:5 | Reached skill level 19 in Spellcasting
 73171 | Depths:5 | Found a gate to the Realm of Zot.
 73198 | Depths:5 | Identified the ring of Healah {rElec Str-2 Slay+2 Stlth+}
 73415 | Depths:5 | Gained mutation: You are partially covered in large bone plates (AC +2, SH +2). [potion of beneficial mutation]
 73424 | Depths:5 | Identified the Tome of Infinity
 73888 | Zot:1    | Entered Level 1 of the Realm of Zot
 74805 | Slime:1  | Entered Level 1 of the Pits of Slime
 74929 | Slime:6  | Entered Level 6 of the Pits of Slime
 75058 | Slime:6  | Noticed the royal jelly
 75128 | Slime:6  | Found a viscous altar of Jiyva.
 76415 | Slime:6  | Killed the royal jelly
 76428 | Slime:6  | Identified the ring of Ogots {Wiz rPois rC- MR+ SInv}
 76562 | Slime:6  | Got a slimy rune of Zot
 77043 | Lair:1   | Reached XP level 27. HP: 151/151 MP: 43/47
 77122 | Lair:1   | Learned a level 9 spell: Glaciate
 77455 | Orc:2    | Bought a potion of heal wounds for 55 gold pieces
 77941 | D:12     | You paid a toll of 13 potions of heal wounds to enter a treasure trove
 77942 | Trove    | Entered a treasure trove
 77945 | Trove    | Identified the cursed ring "Afigel" {+Inv MR+}
 77946 | Trove    | Identified the cursed ring of Sunok {Wiz rN+ Str-3 Int+2}
 78237 | Crypt:1  | Entered Level 1 of the Crypt
 78424 | Crypt:1  | Identified the +3 pair of gloves of Vanity {rC+}
 80295 | Crypt:3  | Entered Level 3 of the Crypt
 81019 | Crypt:3  | Noticed Boris
 81144 | Crypt:3  | Killed Boris
 81411 | Crypt:3  | Noticed an ancient lich
 81419 | Crypt:3  | Noticed an ancient lich
 81434 | Crypt:3  | Found a staircase to the Tomb.
 81437 | Crypt:3  | Noticed an ancient lich
 81492 | Crypt:3  | Killed an ancient lich
 81519 | Crypt:3  | Killed an ancient lich
 81595 | Crypt:3  | Killed an ancient lich
 83607 | Pan      | Entered Pandemonium
 84559 | Pan      | Reached skill level 20 in Ice Magic
 84689 | Pan      | Found an exit through the horrors of the Abyss.
 85302 | Pan      | Gained mutation: Armour fits poorly on your strangely shaped body. [a neqoxec]
 85696 | Pan      | Noticed Xamuz the pandemonium lord
 85991 | Pan      | Killed Xamuz the pandemonium lord
 86358 | Pan      | Found an exit through the horrors of the Abyss.
 86438 | Pan      | Found a gateway to a ziggurat.
 86448 | Zig:1    | Entered Level 1 of a ziggurat
 86540 | Zig:2    | Entered Level 2 of a ziggurat
 86787 | Zig:3    | Entered Level 3 of a ziggurat
 86981 | Zig:4    | Entered Level 4 of a ziggurat
 86997 | Zig:4    | Reached skill level 21 in Ice Magic
 87020 | Zig:4    | Got the hand axe of Dissatisfaction {freeze, rF+ Int+3}
 87020 | Zig:4    | Identified Sif Muna's Compendium of Beguiling (You found it on level 4 of a ziggurat)
 87036 | Zig:5    | Entered Level 5 of a ziggurat
 87149 | Zig:5    | Got the rapier "Quaroc" {vamp, +Blink +Rage SInv Stlth+}
 87150 | Zig:5    | Identified the +3 rapier "Quaroc" {vamp, +Blink +Rage SInv Stlth+} (You found it on level 5 of a ziggurat)
 87180 | Zig:6    | Entered Level 6 of a ziggurat
 87188 | Zig:6    | Identified the cursed +0 cloak of the Loofah {rPois}
 87234 | Zig:7    | Entered Level 7 of a ziggurat
 87329 | Zig:8    | Entered Level 8 of a ziggurat
 87581 | Zig:9    | Entered Level 9 of a ziggurat
 87702 | Zig:9    | Identified Yticoag's Almanac of the Snowflakes (You found it on level 9 of a ziggurat)
 87706 | Zig:9    | Identified the Guide on Nocuous Confrontation (You found it on level 9 of a ziggurat)
 87760 | Zig:10   | Entered Level 10 of a ziggurat
 88001 | Zig:11   | Entered Level 11 of a ziggurat
 88155 | Zig:11   | Identified the amulet of the Sky {Spirit rC+ Str+3}
 88205 | Zig:12   | Entered Level 12 of a ziggurat
 88215 | Zig:12   | Identified the +8 plate armour "Wubb" {Contam +Blink MP+9 Str+6}
 88220 | Zig:12   | Reached skill level 1 in Maces & Flails
 88293 | Zig:12   | Learned a level 5 spell: Phase Shift
 88467 | Zig:13   | Entered Level 13 of a ziggurat
 88479 | Zig:13   | Reached skill level 5 in Maces & Flails
 88487 | Zig:13   | Identified the ring of Atheism {rElec rPois rC- MP+9 Dex+4}
 88576 | Zig:13   | Identified the +1 scimitar "Nuor" {freeze, Noisy Int+3 Dex+3}
 88576 | Zig:13   | Identified a -1 rod of inaccuracy (12/12)
 88584 | Zig:13   | Identified the Disquisition on the Frostbite and Arcane Weapons
 88751 | Zig:14   | Entered Level 14 of a ziggurat
 88787 | Zig:14   | Reduced skill Long Blades to level 5
 88813 | Zig:14   | Gained mutation: You are clumsy. (Dex -2) [a shining eye]
 88852 | Zig:14   | Reached skill level 5 in Translocations
 88857 | Zig:14   | Gained mutation: You are weak. (Str -2) [a shining eye]
 88872 | Zig:14   | Identified the +10 long sword of Laceration {drain, rPois}
 88879 | Zig:14   | Lost mutation: You are clumsy. (Dex -2) [potion of cure mutation]
 88879 | Zig:14   | Lost mutation: You are weak. (Str -2) [potion of cure mutation]
 88915 | Zig:14   | Identified the +4 dagger of Ashenzari's Hope {distort, rPois rN+ Str-2} (You found it on level 14 of a ziggurat)
 88976 | Zig:15   | Entered Level 15 of a ziggurat
 89121 | Zig:15   | Identified the Disquisition on Mutagenic Summoning (You found it on level 15 of a ziggurat)
 89150 | Zig:15   | Identified the +6 halberd "Riaj" {venom, rElec Int+2 Stlth+} (You took it off a deep elf knight on level 3 of the Elven Halls)
 89150 | Zig:15   | Identified the cursed +3 mace of Nigeax {crush, -Tele rElec rPois} (You found it on level 3 of the Elven Halls)
 89150 | Zig:15   | Identified the +7 mace "Tolib" {vamp, rElec rC++} (You took it off a draconian annihilator on level 5 of the Depths)
 89163 | Zig:16   | Entered Level 16 of a ziggurat
 89243 | Zig:16   | Identified Sif Muna's Handbook of Toxins and Conjuration (You found it on level 16 of a ziggurat)
 89333 | Zig:17   | Entered Level 17 of a ziggurat
 89375 | Zig:17   | Reached skill level 10 in Maces & Flails
 89403 | Zig:17   | Reached skill level 22 in Ice Magic
 89469 | Zig:17   | Identified the ring "Jaonaedu" {rF+ SInv}
 89629 | Zig:18   | Entered Level 18 of a ziggurat
 89641 | Zig:18   | Identified the ring "Ychaaqoz" {Wiz +Inv rF+ rN+ Slay+2}
 89644 | Zig:18   | Identified the +5 mace of Fear {freeze, rPois}
 89649 | Zig:18   | Identified the +2 quarterstaff of Fortitude {crush, rElec Int+3 Dex+3}
 89693 | Zig:18   | Identified the cursed +1 chain mail of Theory {rC- MR+ Int+4 Dex+3}
 89821 | Zig:19   | Entered Level 19 of a ziggurat
 89990 | Zig:19   | Identified the cursed +1 rapier "Dicloarch" {freeze, rC+ Str+4 Int-5}
 90004 | Zig:19   | Identified the ring of the Dolphin {rF+ MR+++ AC+2 Int-5 Dex+4}
 90064 | Zig:20   | Entered Level 20 of a ziggurat
 90118 | Zig:20   | Identified the +4 trident of Qacyn {elec, rN+}
 90119 | Zig:20   | Identified the ring of Gunnalab {rN++ Str+3 Slay+3 Stlth-}
 90121 | Zig:20   | Identified the ring "Qeqeac" {Fire Int+3 Stlth+}
 90124 | Zig:20   | Identified the +6 quarterstaff "Demonbane" {freeze, rN+ Str-3 SInv}
 90124 | Zig:20   | Identified the +4 quarterstaff of Righteous Fury {flame, rF+}
 90124 | Zig:20   | Identified a +6 rod of the swarm (11/11)
 90193 | Zig:20   | Identified the Catalogue of Talismans (You found it on level 20 of a ziggurat)
 90212 | Zig:20   | Identified Sif Muna's Almanac of Freezing Curses (You found it on level 20 of a ziggurat)
 90219 | Zig:20   | Identified the Almanac of Gliding Enhancements (You found it on level 20 of a ziggurat)
 90230 | Zig:20   | Identified Nanihecw's Volume of Combat Magic and Cold (You found it on level 20 of a ziggurat)
 90266 | Zig:21   | Entered Level 21 of a ziggurat
 90462 | Zig:21   | Identified the +5 quarterstaff of Execution {vamp, rN++ Str+4 Dex-3}
 90463 | Zig:21   | Identified the +2 pair of gloves of Adwy {rElec rN+}
 90464 | Zig:21   | Identified the +3 hunting sling of Lies {freeze, rF+}
 90529 | Zig:21   | Identified the Guide on Igneous Curses (You found it on level 21 of a ziggurat)
 90532 | Zig:21   | Got the uncursed robe "Hyrut" {Regen+ Dex+4}
 90533 | Zig:21   | Identified the +1 robe "Hyrut" {Regen+ Dex+4} (You found it on level 21 of a ziggurat)
 90598 | Zig:22   | Entered Level 22 of a ziggurat
 90640 | Zig:22   | Reached skill level 23 in Ice Magic
 90715 | Zig:22   | Identified the cursed +0 great sword "Orb Guardian's Foe" {slice, rC+}
 90717 | Zig:22   | Identified a +4 rod of inaccuracy (13/13)
 90752 | Zig:22   | Identified the Grimoire of the Volcanoes (You found it on level 22 of a ziggurat)
 90832 | Zig:23   | Entered Level 23 of a ziggurat
 90871 | Zig:23   | Noticed Poddem the pandemonium lord
 90891 | Zig:23   | Killed from afar by a hellion

Action                   |  1- 3 |  4- 6 |  7- 9 | 10-12 | 13-15 | 16-18 | 19-21 | 22-24 | 25-27 || total
-------------------------+-------+-------+-------+-------+-------+-------+-------+-------+-------++-------
Melee: Unarmed           |     7 |       |       |       |       |       |       |       |       ||     7
       Whip              |    45 |       |       |       |       |       |       |       |       ||    45
       Dagger            |    30 |   130 |   459 |  1280 |  2716 |  1052 |       |       |       ||  5667
       Demon blade       |       |       |       |       |       |   507 |  1107 |  1336 |    24 ||  2974
       Quick blade       |       |       |       |       |       |       |       |       |  5120 ||  5120
       Demon whip        |       |       |       |       |       |       |       |       |   545 ||   545
 Cast: Freeze            |    37 |    94 |   124 |   464 |   426 |    58 |       |       |       ||  1203
       Ozocubu's Armour  |       |     1 |    11 |    47 |    81 |    44 |    46 |    64 |    96 ||   390
       Throw Frost       |       |     2 |    16 |    15 |       |       |       |       |       ||    33
       Throw Icicle      |       |       |    15 |    36 |   147 |   235 |   161 |    42 |    19 ||   655
       Shroud of Golubri |       |       |       |    40 |    63 |     8 |     7 |     4 |    29 ||   151
       Summon Ice Beast  |       |       |       |     2 |   128 |     3 |     2 |       |     6 ||   141
       Swiftness         |       |       |       |     1 |     4 |     1 |     1 |       |     1 ||     8
       Blink             |       |       |       |     1 |     7 |     8 |    11 |    18 |    48 ||    93
       Flight            |       |       |       |       |     3 |     9 |    14 |     1 |     1 ||    28
       Repel Missiles    |       |       |       |       |     3 |     5 |     2 |     4 |       ||    14
       Passage of Golubr |       |       |       |       |     1 |       |     2 |       |       ||     3
       Freezing Cloud    |       |       |       |       |       |    74 |   141 |   127 |    65 ||   407
       Summon Butterflie |       |       |       |       |       |     1 |     1 |     1 |     3 ||     6
       Poison Arrow      |       |       |       |       |       |       |    73 |   140 |    79 ||   292
       Regeneration      |       |       |       |       |       |       |       |    17 |    77 ||    94
       Control Teleport  |       |       |       |       |       |       |       |     1 |     2 ||     3
       Haste             |       |       |       |       |       |       |       |     4 |    48 ||    52
       Deflect Missiles  |       |       |       |       |       |       |       |     1 |    13 ||    14
       Glaciate          |       |       |       |       |       |       |       |       |    87 ||    87
       Phase Shift       |       |       |       |       |       |       |       |       |    13 ||    13
Invok: Scrying           |       |       |       |       |     4 |     5 |     8 |     5 |     5 ||    27
       Transfer Knowledg |       |       |       |       |       |     1 |       |       |     2 ||     3
Evoke: Wand              |       |       |       |       |     2 |       |     5 |     2 |     5 ||    14
  Use: Scroll            |       |     5 |     7 |    27 |    27 |    12 |    13 |    24 |    57 ||   172
       Potion            |       |       |     1 |     1 |     4 |     2 |     2 |     3 |    18 ||    31
 Stab: Sleeping          |     5 |     6 |     4 |    15 |    38 |    23 |    15 |    18 |    54 ||   178
       Distracted        |       |       |     3 |     1 |    19 |     1 |     3 |     6 |    13 ||    46
       Fleeing           |       |       |       |       |     2 |       |       |       |     1 ||     3
       Confused          |       |       |       |       |       |       |       |       |     2 ||     2
       Paralysed         |       |       |       |       |       |       |       |       |     1 ||     1
  Eat: Chunk             |     2 |     6 |    10 |    20 |    30 |    20 |    45 |    53 |    22 ||   208
       Meat ration       |       |     1 |       |       |       |     3 |     4 |     3 |    10 ||    21
       Beef jerky        |       |       |     2 |       |     1 |     2 |     1 |     3 |     6 ||    15
       Fruit             |       |       |       |    13 |    13 |     1 |     4 |     6 |     2 ||    39
       Pizza             |       |       |       |     5 |     7 |     1 |     2 |     1 |       ||    16
       Bread ration      |       |       |       |       |     4 |     5 |     2 |     1 |    14 ||    26
       Royal jelly       |       |       |       |       |       |       |     2 |       |     9 ||    11
